 Dungeon Crawl Stone Soup version 0.31-a0-198-g2ad674f65e (webtiles) character file.

Game seed: 16255610923597141434

114 qw the Skirmisher (level 4, -4/25 HPs)
             Began as a Deep Elf Hunter on June 25, 2023.
             Killed by divine providence
             ... invoked by an orc priest
              (11 damage)
             ... on level 3 of the Dungeon.
             The game lasted 00:00:43 (1669 turns).

qw the Skirmisher (Deep Elf Hunter)                 Turns: 1669, Time: 00:00:44

Health: -4/25      AC:  8    Str: 10    XL:     4   Next: 67%
Magic:  6/6        EV: 11    Int: 14    God:
Gold:   94         SH:  0    Dex: 18    Spells: 3/3 levels left

rFire   . . .        Y - +1 shortbow (drain)
rCold   . . .        (shield currently unavailable)
rNeg    . . .        m - +3 ring mail
rPois   .            (no helmet)
rElec   .            (no cloak)
rCorr   +            (no gloves)
SInv    .            (no boots)
Will    .....        o - amulet of faith
Stlth   +            f - ring of resist corrosion
HPRegen 0.24/turn    (no ring)
MPRegen 0.10/turn

%: faith
@: no status effects
A: no striking features
a: no special abilities


You were on level 3 of the Dungeon.
You visited 1 branch of the dungeon, and saw 3 of its levels.

You collected 94 gold pieces.


   Skills:
 - Level 1.5 Fighting
 + Level 8.1 Ranged Weapons
 - Level 2.4 Dodging
 - Level 1.2 Stealth


You had 3 spell levels left.
You didn't know any spells.
Your spell library was empty.

Inventory:

Hand Weapons
 Y - a +1 shortbow of draining (weapon)
Armour
 m - a +3 ring mail (worn)
Jewellery
 f - a ring of resist corrosion (left hand)
 o - an amulet of faith (around neck)
Potions
 a - a potion of might {unknown}
 d - 2 potions of curing
 e - a potion of enlightenment
 k - a potion of attraction {unknown}
 l - a potion of brilliance {unknown}

Dungeon Overview and Level Annotations

Branches:
Dungeon (3/15)

Altars:


Message History

The orc wizard moves out of view.
An orc comes into view. It is wielding a +0 hand axe.
You shoot an arrow. The arrow barely misses the orc.
The orc shouts!
You shoot an arrow.
The arrow hits the orc but does no damage.
You drain the orc.
You kill the orc!
An orc priest comes into view. It is wielding a +0 club.
You shoot an arrow.
The arrow hits the orc wizard but does no damage.
The orc wizard points at you and mumbles some strange words.
The magic dart hits you.
You shoot an arrow.
The arrow completely misses the orc wizard.
The arrow hits the orc!
You kill the orc!
The orc priest invokes the aid of Beogh against you.
Beogh smites you!
Ouch! That really hurt!
You shoot an arrow. The arrow hits the orc wizard.
The orc wizard is lightly wounded.
You shoot an arrow. The arrow hits the orc wizard.
You drain the orc wizard.
The orc wizard is severely wounded.
The orc priest calls upon Beogh to heal the orc wizard.
The orc wizard is healed somewhat.
You shoot an arrow.
The arrow hits the orc wizard but does no damage.
You drain the orc wizard.
The orc wizard is heavily wounded.
You shoot an arrow.
The arrow closely misses the orc wizard.
The orc wizard completely misses you.
You shoot an arrow.
The arrow hits the orc wizard but does no damage.
The orc wizard is heavily wounded.
The orc wizard barely misses you.
The orc priest invokes the aid of Beogh against you.
Beogh smites you!
You die...

##......#.....##
##..............##
#................##
#..................
#.................#
#..................
##..................
#...................
#..@................
#..o......#.........
#......##.###.......
#...o..# .# #.......
####.#..# #.....%.
)##?.. #....... .#
#..........#. ).
..##.#.####. #.#.
#...


You could see an orc priest and an orc wizard (very drained).

Vanquished Creatures
  4 adders
  2 worms (D:2)
  2 dart slugs
  4 orcs (D:3)
  8 bats
  5 endoplasms
  4 giant cockroaches
  5 goblins
  4 hobgoblins
  5 kobolds (D:2)
  4 quokkas
  6 ball pythons
  3 frilled lizards (D:2)
  5 rats
61 creatures vanquished.

Notes
Turn   | Place    | Note
-------+----------+-------------------------------------------
     0 | D:1      | qw the Deep Elf Hunter began the quest for the Orb.
     0 | D:1      | Reached XP level 1. HP: 12/12 MP: 3/3
     0 | D:1      | 0 ||| qw: Version: 0.3-a-22-g0ed2b0b
     0 | D:1      | 0 ||| qw: Game counter: 4981
     0 | D:1      | 0 ||| qw: Melee chars always use a shield: true
     0 | D:1      | 0 ||| qw: God list: Okawaru
     0 | D:1      | 0 ||| qw: Allow faded altars: false
     0 | D:1      | 0 ||| qw: Do Orc after clearing Dungeon:15 true
     0 | D:1      | 0 ||| qw: Do second Lair branch before Depths: true
     0 | D:1      | 0 ||| qw: Lair rune preference: random
     0 | D:1      | 0 ||| qw: Goals: Normal
     0 | D:1      | 0 ||| PLANNING D:1-11
   199 | D:1      | Reached skill level 6 in Ranged Weapons
   199 | D:1      | Reached XP level 2. HP: 16/16 MP: 4/4
   596 | D:1      | 596 ||| UPGRADING to +0 scale mail.
   606 | D:1      | 606 ||| DROPPING +0 leather armour.
   607 | D:1      | 607 ||| READING scroll labelled PELYIRH HIPH.
   637 | D:1      | 637 ||| READING scroll labelled FUVIEVVIPATU.
   638 | D:1      | 638 ||| READING scroll labelled EFRUAZX JUEGOSS.
   639 | D:1      | 639 ||| READING scroll labelled OLLOOTTAPS.
   640 | D:1      | 640 ||| DROPPING scroll of butterflies.
   693 | D:2      | Reached XP level 3. HP: 20/20 MP: 5/5
   991 | D:2      | Reached skill level 7 in Ranged Weapons
  1090 | D:2      | Reached XP level 4. HP: 25/25 MP: 6/6
  1446 | D:2      | 1446 ||| UPGRADING to +3 ring mail.
  1456 | D:2      | 1456 ||| DROPPING +0 scale mail.
  1457 | D:2      | 1457 ||| UPGRADING to amulet of faith.
  1462 | D:2      | 1462 ||| UPGRADING to ring of resist corrosion.
  1463 | D:2      | 1463 ||| READING scroll labelled RIUTIBIUMP.
  1467 | D:2      | 1467 ||| READING 2 scrolls labelled BEL SEVOIMUWK.
  1468 | D:2      | 1468 ||| READING 2 scrolls labelled KAIHEC UFYDUN.
  1469 | D:2      | 1469 ||| READING scroll labelled GINIUWKAHEJ.
  1470 | D:2      | 1470 ||| READING 2 scrolls labelled IGAJEX OLERUL.
  1571 | D:2      | 1571 ||| READING scroll labelled XUACZY RIOCA.
  1572 | D:2      | 1572 ||| READING scroll labelled DOITUD CANITHRA.
  1573 | D:2      | 1573 ||| DRINKING 2 orange potions.
  1574 | D:2      | 1574 ||| DRINKING 2 black potions.
  1575 | D:2      | 1575 ||| DROPPING scroll of immolation.
  1576 | D:2      | 1576 ||| DROPPING scroll of noise.
  1577 | D:2      | 1577 ||| DROPPING scroll of silence.
  1628 | D:3      | Reached skill level 8 in Ranged Weapons
  1664 | D:3      | HP: 6/25 [orc priest/divine providence (15)]
  1669 | D:3      | Killed from afar by an orc priest

Levels and vault maps discovered:
D:1:      evilmike_arrival_hilbert_curve, layout_basic
D:2:      minmay_razor_zed, layout_basic
D:3:      layout_rooms, amethyst_overflow_temple_binary, uniq_ijyb

Skill      XL: |  1  2  3  4 |
---------------+-------------+-----
Ranged Weapons | 6 7 8 |  8.1
Fighting       | |  1.5
Dodging        | |  2.4
Stealth        | |  1.2

Action                     |  1- 3 |  4- 6 || total
---------------------------+-------+-------++-------
   Fire: Shortbow          |    98 |    50 ||   148
    Use: Scroll            |     4 |     7 ||    11
         Potion            |       |     2 ||     2
 Armour: Leather armour    |    10 |       ||    10
         Scale mail        |     6 |     6 ||    12
         Ring mail         |       |     3 ||     3
  Dodge: Dodged            |    29 |    11 ||    40

Table legend:
 A = Non-vault XP
 B = Vault XP
 C = Vault XP percentage of total XP
 D = Non-vault monster count
 E = Vault monster count
 F = Vault count percentage of total count
                 A         B        C        D         E       F
            +---------+---------+-------+---------+---------+-------
      Total |     141 |      23 |  14.0 |      49 |      12 |  19.7
            +---------+---------+-------+---------+---------+-------
        D:1 |      38 |       0 |   0.0 |      21 |       0 |   0.0
        D:2 |      40 |      23 |  36.5 |      15 |      12 |  44.4
        D:3 |      63 |       0 |   0.0 |      13 |       0 |   0.0
            +---------+---------+-------+---------+---------+-------
